 Dungeon Crawl Stone Soup version 0.27-a0-394-g49c82dfaf2 (webtiles) character file.

Game seed: 14009163808809389047

14678 sahdkjhfkaj the Slicer (level 11, -1/42 HPs)
             Began as a Spriggan Venom Mage on Feb 20, 2021.
             Was a High Priest of Hepliaklqana.
             Slain by a black mamba (12 damage)
             ... on level 1 of the Lair of Beasts.
             The game lasted 00:25:40 (17746 turns).

sahdkjhfkaj the Slicer (Spriggan Venom Mage)       Turns: 17746, Time: 00:25:41

Health: -1/42      AC:  3    Str:  4    XL:     11   Next: 91%
Magic:  23/26      EV: 20    Int: 34    God:    Hepliaklqana [*****.]
Gold:   979        SH:  5    Dex: 25    Spells: 17/30 levels left

rFire    x . .     SeeInvis +   a - +1 short sword (elec)
rCold    + . .     Faith    .   (shield restricted)
rNeg     . . .     Spirit   .   G - +1 robe {rC+}
rPois    .         Reflect  +   K - +0 hat
rElec    .         Harm     .   (no cloak)
rCorr    .         Rampage  .   (gloves unavailable)
Will     +....                  (boots unavailable)
Stlth    +++++.....             x - amulet "Vimnief" {Reflect rF- Int+4 Dex+7 SH+5}
HPRegen  0.14/turn              h - +6 ring of intelligence
MPRegen  0.20/turn              w - +6 ring of intelligence

@: very quick
A: very small, unfitting armour, reduced essence, see invisible, speed 3
a: Renounce Religion, Recall Ancestor, Ancestor Identity, Transference, Idealise


You were on level 1 of the Lair of Beasts.
You worshipped Hepliaklqana.
Hepliaklqana was extremely pleased with you.
You visited 2 branches of the dungeon, and saw 13 of its levels.

You collected 1006 gold pieces.
You spent 27 gold pieces at shops.

Inventory:

Hand Weapons
 a - a +1 short sword of electrocution (weapon)
Armour
 G - a +1 robe of cold resistance (worn)
 K - a +0 hat (worn)
Jewellery
 f - a ring of fire
 h - a +6 ring of intelligence (left hand)
 w - a +6 ring of intelligence (right hand)
 x - the amulet "Vimnief" (around neck) {Reflect rF- Int+4 Dex+7 SH+5}
   (You found it on level 7 of the Dungeon)

   [amulet of reflection]

   It shields you and reflects attacks.
   It affects your intelligence (+4).
   It affects your dexterity (+7).
   It makes you vulnerable to fire.
   It affects your SH (+5).
 B - an amulet of regeneration
 C - a ring of willpower
 H - a +6 ring of dexterity
 L - a ring of positive energy {unknown}
Wands
 p - a wand of paralysis (14)
 s - a wand of polymorph (9)
 t - a wand of digging (11)
 J - a wand of acid (7)
Scrolls
 b - 3 scrolls of magic mapping {!r}
 c - 3 scrolls of enchant weapon {!r}
 d - 3 scrolls of fog {!r}
 e - 3 scrolls of teleportation {!r}
 g - a scroll of noise {!r}
 n - 4 scrolls of blinking {!r}
 o - a scroll of fear {!r}
 u - 2 scrolls of immolation {!r}
 y - 4 scrolls of enchant armour {!r}
 D - a scroll of brand weapon {!r}
 E - a scroll of amnesia {!r}
Potions
 i - 3 potions of cancellation {!q}
 j - a potion of invisibility {!q}
 k - a potion of attraction {!q}
 l - a potion of curing {!q}
 m - 3 potions of haste {!q}
 q - a potion of lignification {!q, unknown}
 r - 2 potions of heal wounds {!q, unknown}
 v - 2 potions of degeneration {!q, unknown}
 z - a potion of brilliance {!q, unknown}
 A - a potion of might {!q, unknown}
 F - a potion of magic {!q, unknown}
 I - a potion of ambrosia {!q, unknown}


   Skills:
 - Level 12.0 Short Blades
 - Level 3.0 Dodging
 - Level 10.0 Stealth
 - Level 10.0 Spellcasting
 - Level 5.0 Transmutations
 + Level 3.7 Fire Magic
 + Level 4.5 Air Magic
 - Level 10.0 Poison Magic


You had 17 spell levels left.
You knew the following spells:

 Your Spells              Type           Power        Failure   Level
a - Sting                 Tmut/Pois      100%         1%          1
d - Mephitic Cloud        Conj/Pois/Air  50%          1%          3
q - Ignite Poison         Fire/Tmut/Pois 56%          1%          3
t - Olgreb's Toxic Radia  Pois           71%          1%          4
z - Poisonous Vapours     Pois/Air       100%         1%          2

Your spell library contained the following spells:

 Spells                   Type           Power        Failure   Level
 Confusing Touch          Hex            17%          8%          3
 Gell's Gravitas          Tloc           8%           8%          3
 Petrify                  Tmut/Erth      34%          10%         4
 Yara's Violent Unravell  Hex/Tmut       17%          26%         5
 Metabolic Englaciation   Hex/Ice        8%           58%         5


Dungeon Overview and Level Annotations

Branches:
Dungeon (11/15)            Temple (0/1) D:6            Lair (2/6) D:8
  Snake (0/4) Lair:2          Orc (0/2) D:10
  Swamp: Lair:2-4    Shoals: Lair:2-4

Altars:
Ashenzari
Fedhas
Hepliaklqana
Makhleb
Qazlal
Uskayaw
The Shining One

Shops:
D:4 *   D:5 ?   D:6 (   D:7 !=*[


Innate Abilities, Weirdness & Mutations

You are very small and have problems with some larger weapons.
You are too small for most types of armour.
You have supernaturally acute eyesight. (SInv)
You cover ground extremely quickly.
Your life essence is reduced to manifest your ancestor. (-10% HP)


Message History

You feel sick.
You feel sick.
You see here 27 arrows.
You feel sick.
You feel sick.
You feel sick.
You are no longer poisoned.
Unknown command.
Arammadara emerges from the mists of memory!
A black mamba is nearby!
Unknown command.
A black mamba is nearby!
A black mamba is nearby!
A black mamba is nearby!
Unknown command.
Casting: Olgreb's Toxic Radiance (safe; 1% risk of failure)
Confirm with . or Enter, or press ? or * to list all spells.
Okay, then.
The black mamba barely misses you. The black mamba barely misses you.
There is a stone staircase leading up here.
The black mamba misses you. x2
You climb upwards.
There is a stone staircase leading down here.
Unknown command.
Unknown command.
Unknown command.
Casting: Olgreb's Toxic Radiance (safe; 1% risk of failure)
Confirm with . or Enter, or press ? or * to list all spells.
Aiming: Mephitic Cloud (safe; 1% risk of failure)
Press: ? - help, Shift-Dir - straight line, f - you
Okay, then.
Casting: Mephitic Cloud (safe; 1% risk of failure)
Confirm with . or Enter, or press ? or * to list all spells.
Aiming: Mephitic Cloud (safe; 1% risk of failure)
Press: ? - help, Shift-Dir - straight line The ball explodes into a vile cloud!
The stinking cloud engulfs the black mamba but does no damage.
The black mamba misses you. The black mamba bites you!
You die...

####...#.#....#...###..#####.#.##
............##.>....#..# #..####
......#.##..#.#.#..##..# ##.# #
.###########.......#...# #.## #
..###.### ##..####.#...# #.P###
........# #..###☼..###.# ##.....
8.##....###...○§.>.##..####.#####
.........#....○.S................
...####.##.....#@#####.##.####.##
..............###.# ##.#.######..
.#....8....###..### #..).........
.##.......##....# ####.#.######
###.8...8.####.## #####
###.......## #.# .#....8....###.#
............#..### ####
...###.###.......# ###.##


You could see a black mamba.

Vanquished Creatures
  Fannar (D:10)
  Erolcha (D:9)
  A hydra (Lair:1)
  Nergalle (D:10)
  An unseen horror (D:10)
  Pikel (D:4)
  A deep elf zephyrmancer (D:11)
  A cane toad (Lair:1)
  2 gargoyles
  2 komodo dragons
  Maggie (D:7)
  3 trolls
  7 blink frogs
  A dream sheep (Lair:2)
  2 wyverns
  6 yaks (Lair:2)
  3 water moccasins
  Duvessa (D:5)
  An ice beast (D:8)
  An orc warrior (D:9)
  A sky beast (D:10)
  2 ogres
  A necrophage (D:10)
  2 wolves (D:8)
  4 centaurs
  2 phantoms
  A kobold brigand (D:9)
  10 bullfrogs
  Blork the orc (D:4)
  Dowan (D:5)
  3 scorpions
  A water moccasin skeleton (D:6)
  10 killer bees (D:9)
  13 wights
  6 electric eels
  A jelly (D:2)
  A bullfrog zombie (D:8)
  A centaur zombie (D:10)
  10 hounds
  A quasit (D:7)
  6 orc priests
  A centaur skeleton (D:7)
  2 iron imps (D:3)
  A bullfrog skeleton (D:7)
  6 worker ants
  8 orc wizards
  A howler monkey zombie (D:5)
  3 worker ant zombies
  6 adders
  A howler monkey skeleton (D:4)
  A shadow imp (D:7)
  6 white imps
  3 oozes
  An adder skeleton (D:8)
  An adder zombie (D:5)
  5 dart slugs
  4 leopard geckos
  23 orcs
  5 giant cockroaches
  10 goblins
  12 hobgoblins
  7 jackals
  12 kobolds
  3 quokkas
  2 ball pythons
  A ball python skeleton (D:6)
  5 bats
  4 frilled lizards
  A leopard gecko zombie (D:6)
  9 rats
260 creatures vanquished.

Vanquished Creatures (collateral kills)
  A shadow (D:11)
  An ogre (D:6)
  A phantom (D:7)
  2 killer bees (D:9)
  A wight (D:8)
  An iron imp (D:3)
  A howler monkey zombie (D:5)
  An adder (D:2)
  An ooze (D:5)
  An adder skeleton (D:4)
  A worm (D:3)
  6 orcs
  A bat (D:3)
  A jackal (D:8)
  2 kobolds
  A rat (D:3)
23 creatures vanquished.

Vanquished Creatures (others)
  4 hexers
  An ancestor (D:3)
  A jackal (D:8)
  4 fungi
  7 plants
17 creatures vanquished.

Grand Total: 300 creatures vanquished

Notes
Turn   | Place    | Note
-------+----------+-------------------------------------------
     0 | D:1      | sahdkjhfkaj the Spriggan Venom Mage began the quest for the
                  | Orb.
     0 | D:1      | Reached XP level 1. HP: 9/9 MP: 5/5
   171 | D:1      | Reached XP level 2. HP: 11/13 MP: 0/7
   237 | D:1      | Learned a level 2 spell: Poisonous Vapours
   969 | D:1      | Reached skill level 1 in Air Magic
   969 | D:1      | Reached XP level 3. HP: 16/16 MP: 1/8
  1664 | D:2      | Found a hazy altar of Hepliaklqana.
  1664 | D:2      | Found a stormy altar of Qazlal.
  1665 | D:2      | Found a hide-covered altar of Uskayaw.
  1689 | D:2      | Reached XP level 4. HP: 21/21 MP: 3/9
  1703 | D:2      | Became a worshipper of Hepliaklqana the Forgotten
  2577 | D:2      | Reached * piety under Hepliaklqana
  2682 | D:3      | Learned a level 3 spell: Ignite Poison
  2732 | D:3      | Reached XP level 5. HP: 12/21 MP: 2/10
  3309 | D:3      | Found a blossoming altar of Fedhas.
  3319 | D:3      | Reached skill level 1 in Fire Magic
  4216 | D:3      | Found a burning altar of Makhleb.
  4234 | D:3      | Reached XP level 6. HP: 12/25 MP: 2/12
  4627 | D:4      | Reached skill level 5 in Spellcasting
  5011 | D:4      | Reached XP level 7. HP: 28/28 MP: 13/16
  5102 | D:4      | Learned a level 4 spell: Olgreb's Toxic Radiance
  5164 | D:4      | Reached ** piety under Hepliaklqana
  5165 | D:4      | Remembered your ancestor Arammadara as a hexer
  5186 | D:4      | Found Fygigol's Assorted Antiques.
  5200 | D:4      | Bought a scroll labelled XAYLADGHO EKICU for 27 gold pieces
  5219 | D:4      | Noticed Blork the orc
  5226 | D:4      | Killed Blork the orc
  5563 | D:5      | Entered Level 5 of the Dungeon
  5563 | D:5      | Noticed Pikel
  5575 | D:4      | Killed Pikel
  5576 | D:4      | Reached XP level 8. HP: 17/32 MP: 11/22
  5730 | D:5      | Noticed Duvessa
  5795 | D:5      | Noticed Dowan
  5802 | D:5      | Killed Duvessa
  5802 | D:5      | Killed Dowan
  5803 | D:5      | Reached skill level 10 in Spellcasting
  5917 | D:5      | Found Kuss's Magic Scroll Shoppe.
  5923 | D:5      | Reached skill level 5 in Stealth
  6147 | D:5      | Reached skill level 1 in Short Blades
  6404 | D:5      | Reached skill level 2 in Short Blades
  7038 | D:6      | Reached skill level 3 in Short Blades
  7326 | D:6      | Found Rucs's Antique Weapon Shop.
  7357 | D:6      | Found a staircase to the Ecumenical Temple.
  7378 | D:6      | Found a broken altar of Ashenzari.
  7580 | D:6      | Reached *** piety under Hepliaklqana
  8186 | D:7      | Reached skill level 4 in Short Blades
  8186 | D:7      | Reached XP level 9. HP: 35/35 MP: 22/24
  8195 | D:7      | Found Ozisepso's General Store.
  8317 | D:7      | Found Ischuaf's Jewellery Boutique.
  8349 | D:7      | Got a faintly glowing garnet amulet
  8355 | D:7      | Identified the amulet "Vimnief" {Reflect rF- Int+4 Dex+7
                  | SH+5} (You found it on level 7 of the Dungeon)
  8405 | D:7      | Found a glowing golden altar of the Shining One.
  8581 | D:7      | Noticed Maggie
  8586 | D:7      | Killed Maggie
  8698 | D:7      | Reached skill level 5 in Short Blades
  8709 | D:7      | Found Plog's Distillery.
  9168 | D:7      | Found Ewufuka's Antique Armour Shop.
  9639 | D:8      | Noticed a troll
  9644 | D:8      | Killed a troll
  9645 | D:8      | Reached skill level 6 in Short Blades
  9645 | D:8      | Reached skill level 10 in Stealth
  9886 | D:8      | Reached skill level 7 in Short Blades
 10121 | D:8      | Found a staircase to the Lair.
 10456 | D:8      | Reached skill level 8 in Short Blades
 11346 | D:8      | Reached **** piety under Hepliaklqana
 12016 | D:9      | Reached XP level 10. HP: 39/39 MP: 16/25
 12017 | D:9      | Reached skill level 5 in Poison Magic
 12621 | D:9      | Noticed Erolcha
 12626 | D:9      | Killed Erolcha
 12627 | D:9      | Reached skill level 9 in Short Blades
 12841 | D:9      | Noticed a gargoyle
 12852 | D:9      | Killed a gargoyle
 13322 | D:10     | Entered Level 10 of the Dungeon
 13322 | D:10     | Found a staircase to the Orcish Mines.
 13336 | D:10     | Noticed Fannar
 13341 | D:10     | Killed Fannar
 13859 | D:10     | Reached skill level 10 in Short Blades
 14038 | D:10     | Noticed Nergalle
 14038 | D:10     | Noticed an unseen horror
 14043 | D:10     | Killed Nergalle
 14043 | D:10     | Killed an unseen horror
 14044 | D:10     | Reached XP level 11. HP: 42/42 MP: 10/26
 15420 | D:11     | Noticed a deep elf zephyrmancer
 15425 | D:11     | Killed a deep elf zephyrmancer
 15426 | D:11     | Reached skill level 10 in Poison Magic
 15624 | Lair:1   | Entered Level 1 of the Lair of Beasts
 15629 | Lair:1   | Learned a level 3 spell: Mephitic Cloud
 15675 | Lair:1   | Reached ***** piety under Hepliaklqana
 15960 | Lair:1   | Reached skill level 11 in Short Blades
 16223 | Lair:1   | Noticed a five-headed hydra
 16229 | Lair:1   | Killed a five-headed hydra
 16394 | Lair:1   | Reached skill level 12 in Short Blades
 16958 | Lair:1   | Got a brightly glowing quarterstaff
 16958 | Lair:1   | Identified the +8 quarterstaff "Jaobboown" {protect, rC+
                  | Str+4} (You found it on level 1 of the Lair of Beasts)
 17472 | Lair:2   | Reached skill level 5 in Transmutations
 17610 | Lair:2   | Found a staircase to the Snake Pit.
 17746 | Lair:1   | Slain by a black mamba

Illustrated notes

Levels and vault maps discovered:
D:1:      lemuel_arrival_rhombus, layout_basic, minmay_tetromino_t4
D:2:      layout_loops_ring, gammafunk_temple_overflow_claw, serial_glass,
          glass_columns_c, glass_columns_c, glass_columns_a
D:3:      cheibrodos_pilgrimage, layout_basic, fedhas_altar_2, demons_altar
D:4:      layout_cave_pools, serial_shops, nicolae_shop_waterfront,
          uniq_blork_the_orc
D:5:      layout_basic, serial_shops, nicolae_shop_waterfront, uniq_duvessa,
          uniq_pikel
D:6:      layout_cave_pods, ashenzari_conservatory_becter,
          minmay_temple_entry_proselytizer, serial_shops,
          nicolae_shop_waterfront
D:7:      layout_basic, serial_shops, shop, shop, nicolae_shop_waterfront,
          nicolae_shop_crystal, tso_metal_star, uniq_maggie
D:8:      layout_layer_cave, erik_lair_island
D:9:      layout_basic, uniq_erolcha
D:10:     layout_roguey, orc_0_dummy, uniq_fannar, uniq_nergalle
D:11:     kennysheep_blocky_room, layout_basic, bh_hangedman_babel_library
Lair:1:   layout_loops_ring, grunt_megastairs_4, lemuel_fruit_tree,
          serial_bayou_shore_a
Lair:2:   wad_woods_stonehenge, layout_regular_city,
          minmay_snake_entry_guardpost_small

Skill      XL: |  1  2  3  4  5  6  7  8  9 10 11 |
---------------+----------------------------------+-----
Dodging        | 3 |  3.0
Spellcasting   | 3 5 9 10 | 10.0
Transmutations | 2 3 5 |  5.0
Air Magic      | 1 2 3 4 |  4.5
Fire Magic     | 2 3 |  3.7
Stealth        | 7 10 | 10.0
Short Blades   | 4 8 10 12 | 12.0
Poison Magic   | 4 9 10 | 10.0

Action                   |  1- 3 |  4- 6 |  7- 9 | 10-12 || total
-------------------------+-------+-------+-------+-------++-------
Melee: Unarmed           |    14 |    35 |       |       ||    49
       Spear             |       |     1 |       |       ||     1
       Short sword       |       |       |    56 |   189 ||   245
 Cast: Sting             |    52 |    87 |   109 |    10 ||   258
       Poisonous Vapours |    13 |    45 |     1 |     1 ||    60
       Ignite Poison     |       |     4 |    26 |    30 ||    60
       Olgreb's Toxic Ra |       |       |    37 |    49 ||    86
       Mephitic Cloud    |       |       |       |     3 ||     3
Invok: Recall Ancestor   |       |     3 |     1 |     3 ||     7
       Ancestor Life: He |       |       |     1 |       ||     1
  Use: Scroll            |       |     5 |     4 |     6 ||    15
       Potion            |       |     1 |       |     1 ||     2
 Stab: Sleeping          |       |       |     6 |     8 ||    14
       Confused          |       |       |       |     3 ||     3
       Distracted        |       |       |       |     1 ||     1
Armor: Robe              |     4 |     2 |     4 |     4 ||    14
       Steam dragon scal |       |       |     2 |     3 ||     5
Dodge: Dodged            |    30 |    67 |    84 |   116 ||   297
Block: Other             |       |       |     8 |    29 ||    37

Table legend: (Time is in decaauts)
 A = Elapsed time spent in this place.
 B = Non-inter-level travel time spent in this place.
 C = Inter-level travel time spent in this place.
 D = Time resting spent in this place.
 E = Time spent auto-exploring this place.
 F = Levels seen in this place.
 G = Mean time per level.
                   A        B        C        D        E       F      G
               +--------+--------+--------+--------+--------+-----+--------+
         Total |  16570 |  16092 |    478 |    576 |  13688 |  13 | 1274.6 |
       Dungeon |  14834 |  14381 |    453 |    486 |  12300 |  11 | 1348.5 |
          Lair |   1736 |   1712 |     24 |     90 |   1387 |   2 |  868.0 |
               +--------+--------+--------+--------+--------+-----+--------+

Top non-repeatable levels by time:
     D:9: 2159 daAuts
     D:8: 2037 daAuts
     D:7: 1633 daAuts
     D:3: 1577 daAuts
  Lair:1: 1340 daAuts
     D:1: 1334 daAuts
     D:4: 1226 daAuts
    D:10: 1222 daAuts
     D:6: 1201 daAuts
     D:2: 1188 daAuts
     D:5: 1147 daAuts
  Lair:2: 396 daAuts
    D:11: 104 daAuts
